 Dungeon Crawl Stone Soup version 0.27.0-1-g7a089689b8 (webtiles) character file.

Game seed: 2753588471880005905

109 BOMJPIETVODKU the Digger (level 4, -2/32 HPs)
             Began as a Gnoll Earth Elementalist on Aug 5, 2021.
             Slain by an ogre (31 damage)
             ... on level 3 of the Dungeon.
             The game lasted 00:05:08 (2658 turns).

BOMJPIETVODKU the Digger (Gnoll Earth Elementalist) Turns: 2658, Time: 00:05:09

Health: -2/32      AC:  2    Str: 13    XL:     4   Next: 89%
Magic:  11/11      EV: 13    Int: 15    God:
Gold:   97         SH:  0    Dex: 13    Spells: 12/13 levels left

rFire    . . .     SeeInvis .   k - +0 dagger (holy)
rCold    . . .     Faith    .   (no shield)
rNeg     . . .     Spirit   .   b - +0 robe
rPois    .         Reflect  .   (no helmet)
rElec    .         Harm     .   (no cloak)
rCorr    .         Rampage  .   (no gloves)
Will     .....                  (no boots)
Stlth    +.........             (no amulet)
HPRegen  0.10/turn              a - +6 ring of strength
MPRegen  0.12/turn              (no ring)

@: confused
A: fangs 1, strong nose, distributed training
a: no special abilities


You were on level 3 of the Dungeon.
You visited 1 branch of the dungeon, and saw 3 of its levels.

You collected 133 gold pieces.
You spent 36 gold pieces at shops.

Inventory:

Hand Weapons
 h - a +0 short sword
 k - a +0 dagger of holy wrath (weapon)
Missiles
 c - 48 stones
Armour
 b - a +0 robe (worn)
 m - a +2 kite shield
Jewellery
 a - a +6 ring of strength (left hand)
 r - a ring of protection from fire
Scrolls
 g - a scroll of teleportation {unknown}
 i - 2 scrolls of identify {unknown}
 l - a scroll of brand weapon {unknown}
 n - 2 scrolls of fog
 q - a scroll of magic mapping {unknown}
Potions
 d - 2 potions of curing
 e - a potion of attraction {unknown}
 f - a potion of degeneration {unknown}
 j - a potion of heal wounds {unknown}
 o - 2 potions of invisibility {unknown}
 p - a potion of might {unknown}


   Skills:
 + Level 1.2 Fighting
 + Level 1.2 Short Blades
 + Level 1.2 Long Blades
 + Level 1.2 Axes
 + Level 1.2 Maces & Flails
 + Level 1.2 Polearms
 + Level 1.2 Staves
 + Level 1.2 Slings
 + Level 1.2 Bows
 + Level 1.2 Crossbows
 + Level 1.2 Throwing
 + Level 1.2 Armour
 + Level 4.7 Dodging
 + Level 4.3 Stealth
 + Level 1.2 Shields
 + Level 1.2 Unarmed Combat
 + Level 5.1 Spellcasting
 + Level 1.0 Conjurations
 + Level 1.0 Hexes
 + Level 1.0 Summonings
 + Level 1.0 Necromancy
 + Level 1.0 Translocations
 + Level 2.3 Transmutations
 + Level 1.0 Fire Magic
 + Level 1.0 Ice Magic
 + Level 1.0 Air Magic
 + Level 5.5 Earth Magic
 + Level 1.0 Poison Magic
 + Level 1.4 Invocations
 + Level 1.2 Evocations


You had 12 spell levels left.
You knew the following spells:

 Your Spells              Type           Power      Damage    Failure   Level
a - Sandblast             Erth           40%        2d10      1%          1

Your spell library contained the following spells:

 Spells                   Type           Power      Damage    Failure   Level
 Passwall                 Tmut/Erth      12%        N/A       4%          2
 Stone Arrow              Conj/Erth      26%        3d8       13%         3
 Slow                     Hex            7%         N/A       16%         2
 Confusing Touch          Hex            7%         N/A       30%         3
 Petrify                  Tmut/Erth      15%        N/A       32%         4
 Yara's Violent Unravell  Hex/Tmut       4%         3d4       92%         5


Dungeon Overview and Level Annotations

Branches:
Dungeon (3/15)

Altars:
Wu Jian

Shops:
D:1 *


Innate Abilities, Weirdness & Mutations

You have very sharp teeth.
Your uncanny sense of smell can sniff out nearby items.
Your experience applies equally to all skills.


Message History

p - a black potion You now have 97 gold pieces (gained 1).
n - 3 scrolls labelled VUUWUD CYFIOLO (gained 1)
c - 49 stones (gained 10)
q - a scroll labelled REVVIM OWOTI
As you read the scroll labelled VUUWUD CYFIOLO, it crumbles to dust.
The scroll dissolves into smoke.
It was a scroll of fog.
There is an open door here.
There is an open door here.
Things that are here:
a +0 club; a +0 leather armour
Things that are here:
a +0 club; a +0 leather armour; an orc skeleton A rat comes into view.
The blast of sand hits the rat!
You kill the rat!
Magic restored.
r - a ring of protection from fire An orc and an orc wizard come into view.
The orc shouts!
An orc comes into view. It is wielding a +0 dagger.
An ogre comes into view. It is wielding a +0 giant club.
An orc and an orc wizard come into view.
You see here a book of Misfortune.
You pick up a book of Misfortune and begin reading...
You add the spells Slow, Confusing Touch and Yara's Violent Unravelling to your library.
The ogre shouts!
The orc shouts!
The orc closely misses you.
The orc wizard shouts!
The orc wizard casts a spell.
The orc wizard flickers and vanishes!
Deactivating autopickup; reactivate with Ctrl-A.
The orc wizard casts a spell.
The orc wizard flickers and vanishes!
The orc hits you with a +0 dagger.
You are confused.
The orc hits you with a +0 dagger.
The ogre hits you with a +0 giant club!!
Ouch! That really hurt!
You die...

#............
#..........##
#...........#
#............
##.....#..............
#.........#...........
#.....o...##..........
###.....O...##..........
#......@o...##..........
#......................#
#......................#
#.................######
##.......................
#...................##...
#...................##...
#.....##......###...##...
#.....##......# #...++...


You could see an ogre and 2 orcs.

Vanquished Creatures
  4 adders
  A worm (D:3)
  A dart slug (D:2)
  3 orcs (D:3)
  7 ball pythons
  6 endoplasms
  8 goblins
  7 hobgoblins
  A quokka (D:1)
  6 bats
  3 frilled lizards
  9 kobolds
  8 rats
64 creatures vanquished.

Notes
Turn   | Place    | Note
-------+----------+-------------------------------------------
     0 | D:1      | BOMJPIETVODKU the Gnoll Earth Elementalist began the quest
                  | for the Orb.
     0 | D:1      | Reached XP level 1. HP: 13/13 MP: 6/6
   238 | D:1      | Reached XP level 2. HP: 16/19 MP: 5/7
   508 | D:1      | Found a faded altar of an unknown god.
   628 | D:1      | Reached XP level 3. HP: 25/25 MP: 7/9
   630 | D:1      | Reached skill level 5 in Spellcasting
   773 | D:1      | Found Mikan's General Store.
   778 | D:1      | Bought a potion of curing for 36 gold pieces
  1233 | D:2      | Reached skill level 1 in Invocations
  1506 | D:2      | Reached skill level 1 in Fighting
  1506 | D:2      | Reached skill level 1 in Short Blades
  1506 | D:2      | Reached skill level 1 in Long Blades
  1506 | D:2      | Reached skill level 1 in Axes
  1506 | D:2      | Reached skill level 1 in Maces & Flails
  1506 | D:2      | Reached skill level 1 in Polearms
  1506 | D:2      | Reached skill level 1 in Staves
  1506 | D:2      | Reached skill level 1 in Slings
  1506 | D:2      | Reached skill level 1 in Bows
  1506 | D:2      | Reached skill level 1 in Crossbows
  1506 | D:2      | Reached skill level 1 in Throwing
  1506 | D:2      | Reached skill level 1 in Armour
  1506 | D:2      | Reached skill level 1 in Shields
  1506 | D:2      | Reached skill level 1 in Unarmed Combat
  1506 | D:2      | Reached skill level 1 in Evocations
  1741 | D:2      | Reached XP level 4. HP: 32/32 MP: 8/11
  2122 | D:3      | Found an ornate altar of the Wu Jian Council.
  2301 | D:3      | Reached skill level 1 in Conjurations
  2301 | D:3      | Reached skill level 1 in Hexes
  2301 | D:3      | Reached skill level 1 in Summonings
  2301 | D:3      | Reached skill level 1 in Necromancy
  2301 | D:3      | Reached skill level 1 in Translocations
  2301 | D:3      | Reached skill level 1 in Fire Magic
  2301 | D:3      | Reached skill level 1 in Ice Magic
  2301 | D:3      | Reached skill level 1 in Air Magic
  2301 | D:3      | Reached skill level 1 in Poison Magic
  2643 | D:3      | Noticed an ogre
  2658 | D:3      | Slain by an ogre

Illustrated notes

Levels and vault maps discovered:
D:1:      matt_arrival_grand_opening, layout_loops_ring,
          ebering_ecumenical_altar_hall, serial_shops, shop,
          minmay_rat_gold_closets
D:2:      kennysheep_big_flooded_room, layout_loops_corners,
          corexii_corridor_pit, kennysheep_generic_room_13
D:3:      layout_basic, lemuel_crystal_altar, minmay_goblin_kobold_house,
          uniq_crazy_yiuf_cottage

Skill      XL: |  1  2  3  4 |
---------------+-------------+-----
Transmutations | 2 |  2.3
Spellcasting   | 5 |  5.1
Invocations    | 1 |  1.4
Fighting       | 1 |  1.2
Short Blades   | 1 |  1.2
Long Blades    | 1 |  1.2
Axes           | 1 |  1.2
Maces & Flails | 1 |  1.2
Polearms       | 1 |  1.2
Staves         | 1 |  1.2
Slings         | 1 |  1.2
Bows           | 1 |  1.2
Crossbows      | 1 |  1.2
Throwing       | 1 |  1.2
Armour         | 1 |  1.2
Shields        | 1 |  1.2
Unarmed Combat | 1 |  1.2
Evocations     | 1 |  1.2
Conjurations   | 1 |  1.0
Hexes          | 1 |  1.0
Summonings     | 1 |  1.0
Necromancy     | 1 |  1.0
Translocations | 1 |  1.0
Fire Magic     | 1 |  1.0
Ice Magic      | 1 |  1.0
Air Magic      | 1 |  1.0
Poison Magic   | 1 |  1.0
Dodging        | |  4.7
Stealth        | |  4.3
Earth Magic    | |  5.5

Action                   |  1- 3 |  4- 6 || total
-------------------------+-------+-------++-------
Melee: Unarmed           |     5 |       ||     5
       Club              |     4 |       ||     4
       Bite              |     1 |     1 ||     2
       Short sword       |    16 |       ||    16
       Dagger            |       |    14 ||    14
 Cast: Sandblast         |    54 |    26 ||    80
  Use: Scroll            |       |     1 ||     1
 Stab: Sleeping          |     7 |     2 ||     9
Armor: Robe              |     4 |     4 ||     8
Dodge: Dodged            |    22 |    22 ||    44
